 Dungeon Crawl Stone Soup version 0.22-a0-521-gb1378044ac (webtiles) character file.

32244 Oravi the Destroyer (level 13, -5/168 HPs)
             Began as a White Draconian Conjurer on June 20, 2018.
             Was an Elder of Vehumet.
             Slain by a death yak (8 damage)
             ... on level 5 of the Lair of Beasts.
             The game lasted 01:46:10 (26537 turns).

Oravi the Destroyer (White Draconian Conjurer)     Turns: 26537, Time: 01:46:10

Health: -5/168     AC: 26    Str: 16    XL:     13   Next: 30%
Magic:  21/28      EV:  2    Int: 20    God:    Vehumet [****..]
Gold:   772        SH:  0    Dex: 15    Spells: 18/35 levels left

rFire    . . .     SeeInvis .   J - +8 mithril axe "Arga" {speed, MR+}
rCold    . . .     Gourm    .   (no shield)
rNeg     + + +     Faith    .   (armour unavailable)
rPois    +         Spirit   .   (helmet currently unavailable)
rElec    .         Reflect  .   (cloak currently unavailable)
rCorr    .         Harm     .   (gloves currently unavailable)
MR       +....     NoTele   +   (boots currently unavailable)
Stlth    ++........             x - amulet of the acrobat
HPRegen  0.38/turn              c - ring of wizardry
MPRegen  0.21/turn              I - +3 ring of dexterity

@: mighty, tree-form, marked, very slightly contaminated, invisible
A: (breathe frost), unfitting armour, AC +8
a: Renounce Religion


You were on level 5 of the Lair of Beasts.
You worshipped Vehumet.
Vehumet was greatly pleased with you.
You were not hungry.
You were a tree.
You visited 3 branches of the dungeon, and saw 17 of its levels.

You collected 870 gold pieces.
You spent 98 gold pieces at shops.

Inventory:

Hand Weapons
 p - a +0 short sword of freezing
 q - a +2 war axe of freezing
 u - a +0 dagger of venom
 J - the +8 mithril axe "Arga" (weapon) {speed, MR+}
   (You took it off an orc on level 9 of the Dungeon)

   Attacks with this weapon are significantly faster.
   It affects your resistance to hostile enchantments.
Missiles
 a - 501 stones
 n - 28 poisoned needles
 t - 8 tomahawks
 L - a throwing net
 S - 6 curare-tipped needles
 V - 4 javelins (quivered)
Armour
 m - a +1 cloak
 s - a +0 pair of gloves (melded)
 y - a +0 shield
 M - a +0 pair of boots (melded)
 O - a scarf of repulsion (melded)
Jewellery
 c - a ring of wizardry (left branch)
 j - an uncursed ring of ice
 k - a +2 ring of evasion
 l - an uncursed ring of resist corrosion
 x - an amulet of the acrobat (around neck)
 A - an uncursed amulet of the gourmand
 I - a +3 ring of dexterity (right branch)
 R - an uncursed ring of ice
Wands
 B - a wand of random effects (66)
 C - a wand of iceblast (2)
 P - a wand of paralysis (18)
 Q - a wand of digging (9)
 U - a wand of polymorph (7)
Scrolls
 g - 4 scrolls of teleportation
 h - 3 scrolls of remove curse
 w - 6 scrolls of amnesia
 z - a scroll of magic mapping
 D - a scroll of fog
 F - a scroll of enchant armour
 G - 2 scrolls of identify
 N - a scroll of fear
Potions
 d - 4 potions of flight
 e - a potion of resistance
 f - 3 potions of haste
 r - a potion of might
 v - a potion of agility
 E - 2 potions of brilliance
 H - a potion of invisibility
 K - 3 potions of magic
Comestibles
 b - 11 rations
 T - 4 chunks of flesh


   Skills:
 + Level 9.6 Fighting
 + Level 8.0 Axes
 + Level 8.0 Dodging
 - Level 1.7 Stealth
 + Level 11.6 Spellcasting
 + Level 12.9 Conjurations


You had 18 spell levels left.
You knew the following spells:

 Your Spells              Type           Power        Failure   Level  Hunger
a - Magic Dart            Conj           ####         1%          1    None
b - Searing Ray           Conj           ######       1%          2    None
c - Iskenderun's Mystic   Conj           ######..     1%          4    #......
d - Conjure Flame         Conj/Fire      #####...     1%          3    None
e - Olgreb's Toxic Radia  Pois           ##......     7%          4    #......
f - Mephitic Cloud        Conj/Pois/Air  ####....     1%          3    None

Your spell library contained the following spells:

 Spells                   Type           Power        Failure   Level  Hunger
 Cause Fear               Hex            ##........   22%         4    #......
 Lightning Bolt           Conj/Air       #####.....   1%          5    ####...
 Shock                    Conj/Air       ####         1%          1    None
 Swiftness                Chrm/Air       ##......     3%          2    None
 Spider Form              Tmut/Pois      ##........   7%          3    None
 Blade Hands              Tmut           ##........   52%         5    ####...
 Ice Form                 Ice/Tmut       ##......     22%         4    #......
 Deflect Missiles         Chrm/Air       ##........   96%         6    ######.
 Airstrike                Air            ##........   7%          4    #......
 Sticks to Snakes         Tmut           ##......     3%          2    None
 Silence                  Hex/Air        ##........   52%         5    ####...
 Static Discharge         Conj/Air       #####...     1%          3    None
 Beastly Appendage        Tmut           ##....       2%          1    None
 Fulminant Prism          Conj/Hex       #####.....   1%          4    #......
 Dazzling Spray           Conj/Hex       #####.       1%          3    None
 Force Lance              Conj/Tloc      #####...     1%          4    #......
 Discord                  Hex            ##........   100%        8    #######
 Yara's Violent Unravell  Hex/Tmut       ##........   17%         5    ####...


Dungeon Overview and Level Annotations

Branches:
Dungeon (11/15)            Temple (1/1) D:7            Lair (5/6) D:8
 Shoals (0/4) Lair:2        Snake (0/4) Lair:2          Orc (0/2) D:9
  Slime: Lair:5-6

Altars:
Ashenzari
Cheibriados
Dithmenos
Elyvilon
Fedhas
Gozag
Hepliaklqana
Kikubaaqudgha
Makhleb
Nemelex Xobeh
Okawaru
Qazlal
Ru
Sif Muna
Trog
Uskayaw
Vehumet
Wu Jian
Xom
Yredelemnul
Zin
The Shining One

Shops:
D:4 (   D:7 (*   D:8 ??(:


Innate Abilities, Weirdness & Mutations

((You can breathe waves of freezing cold.))
((You can buffet flying creatures when you breathe cold.))
((Your icy white scales are hard. (AC +8)))
You cannot fit into any form of body armour.
((Your flesh is cold resistant. (rC+)))
((You are cold-blooded and may be slowed by cold attacks.))


Message History

The dream sheep bites you but does no damage. x2
The hippogriff bites you but does no damage.
The hippogriff pecks you but does no damage.
The hippogriff claws you.
* * * LOW HITPOINT WARNING * * *
The five-headed hydra bites you!
* * * LOW HITPOINT WARNING * * *
The five-headed hydra bites you but does no damage. x2
The five-headed hydra bites you.
* * * LOW HITPOINT WARNING * * *
The five-headed hydra bites you.
* * * LOW HITPOINT WARNING * * *
The water moccasin barely misses you. The death yak gores you.
* * * LOW HITPOINT WARNING * * *
The dream sheep bites the fungus.
Okay, then.
Okay, then.
You feel very mighty all of a sudden. The death yak gores you!
You die...

.....########.....P.#
..........##.#....#.##
............(.##.......##
...#...PP....#.#..#.....###
.........................##.##
..##..#....#................P#
.............H.÷.....H........
....##P.....SH.#.............
.....#.:..YY♣D###D.........#.
#...#.#.YYY##.........>...
#..#.##..FrY#.......##....
###....F#...PYY....>##..... .
#P....#.##.....#.#...#.....
...
##.....##.....Y..##.#####..
....# #.#..............#..P ..
..P...##................
.......<..........


You could see 3 death yaks, a five-headed hydra, 2 hippogriffs, 2 spiny frogs, a
water moccasin, 6 dream sheep and a porcupine.

Vanquished Creatures
  Snorg (Lair:3)
  Fannar (Lair:2)
  2 hydras
  A catoblepas (Lair:2)
  Erica (D:10)
  Sonja (Lair:4)
  An unseen horror (D:10)
  An ugly thing (D:10)
  4 torpor snails
  5 black mambas
  9 spiny frogs
  2 komodo dragons
  A merfolk (D:9)
  2 polar bears
  6 hippogriffs
  19 blink frogs
  A shadow (D:11)
  32 yaks
  4 basilisks
  4 vampire mosquitoes (D:10)
  10 fire bats
  2 hungry ghosts (D:8)
  Edmund (D:6)
  9 porcupines
  6 water moccasins
  3 orc warriors
  3 sky beasts
  A hornet zombie (D:9)
  3 ice beasts
  3 ogres
  6 wolves (Lair:4)
  9 centaurs
  5 crocodiles
  2 big kobolds (D:10)
  19 bullfrogs
  2 gnoll sergeants
  A scorpion (D:8)
  8 wights
  8 killer bees
  A lava snake (Lair:4)
  3 crimson imps
  7 howler monkeys
  A quasit (D:9)
  2 bullfrog zombies (D:11)
  4 hounds
  3 orc priests
  3 jellies
  6 orc wizards
  3 centaur skeletons
  Terence (D:2)
  Jessica (D:2)
  An iguana (D:8)
  6 worker ants
  A hound skeleton (D:6)
  A worker ant zombie (D:5)
  9 gnolls
  9 adders
  A howler monkey skeleton (D:10)
  4 shadow imps
  4 oozes
  2 adder skeletons (D:4)
  6 worms
  A dart slug (D:1)
  6 leopard geckos
  39 orcs
  A ball python (D:4)
  6 bats
  3 giant cockroaches
  11 hobgoblins
  2 jackals (D:9)
  2 quokkas
  6 frilled lizards
  6 goblins
  3 jackal skeletons
  12 kobolds
  A quokka skeleton (D:4)
  7 rats
  2 fungi (Lair:2)
386 creatures vanquished.

Vanquished Creatures (others)
  A hobgoblin (D:2)
  2 bushes (Lair:3)
  17 fungi
  26 plants
46 creatures vanquished.

Grand Total: 432 creatures vanquished

Notes
Turn   | Place    | Note
-------+----------+-------------------------------------------
     0 | D:1      | Oravi the Draconian Conjurer began the quest for the Orb.
     0 | D:1      | Reached XP level 1. HP: 14/14 MP: 3/3
   134 | D:1      | Reached XP level 2. HP: 11/20 MP: 1/5
   727 | D:1      | Reached XP level 3. HP: 7/26 MP: 1/7
   816 | D:1      | Learned a level 2 spell: Searing Ray
  1789 | D:2      | Noticed Terence
  2055 | D:2      | Noticed Jessica
  2431 | D:2      | Reached XP level 4. HP: 33/33 MP: 5/8
  2974 | D:3      | Reached skill level 5 in Conjurations
  3556 | D:3      | Found a shimmering altar of Xom.
  4112 | D:4      | Found Zasaazar's Antique Weapon Emporium.
  4143 | D:4      | Reached XP level 5. HP: 38/38 MP: 6/10
  4433 | D:4      | Found a sparkling altar of Nemelex Xobeh.
  4825 | D:5      | Entered Level 5 of the Dungeon
  4936 | D:5      | Noticed an ogre
  4951 | D:5      | Killed an ogre
  4951 | D:5      | Reached skill level 6 in Conjurations
  4951 | D:5      | Reached XP level 6. HP: 45/45 MP: 4/12
  5124 | D:5      | Found a shadowy altar of Dithmenos.
  5303 | D:5      | Reached skill level 5 in Spellcasting
  5716 | D:5      | Your scales start taking on an icy white colour.
  5716 | D:5      | Reached XP level 7. HP: 43/50 MP: 7/14
  5716 | D:5      | Gained mutation: Your flesh is cold resistant. (rC+) [White Draconian growth]
  6193 | D:6      | Noticed Edmund
  6214 | D:6      | Killed Edmund
  6214 | D:6      | Reached skill level 7 in Conjurations
  6482 | D:5      | Learned a level 4 spell: Iskenderun's Mystic Blast
  7084 | D:6      | Reached XP level 8. HP: 57/57 MP: 6/17
  7481 | D:6      | Reached skill level 8 in Conjurations
  8168 | D:7      | Found Zin's Purification Station.
  8342 | D:7      | Found a glowing silver altar of Zin.
  8801 | D:7      | Found a staircase to the Ecumenical Temple.
  8847 | Temple   | Entered the Ecumenical Temple
  9022 | D:7      | Found Sevukewn's Antique Weapon Boutique.
  9291 | D:8      | Found a bloodstained altar of Trog.
  9334 | D:8      | Found Ucsi's Book Shoppe.
  9375 | D:8      | Reached skill level 9 in Conjurations
  9604 | D:8      | Found a staircase to the Lair.
  9618 | D:8      | Found Jari Rang's Magic Scroll Emporium.
  9785 | D:8      | Reached XP level 9. HP: 62/62 MP: 18/20
  9801 | D:8      | Found Isusolom's Magic Scroll Emporium.
  9819 | D:8      | Bought a scroll of identify for 24 gold pieces
  9819 | D:8      | Bought a scroll of identify for 24 gold pieces
  9819 | D:8      | Bought a scroll of identify for 24 gold pieces
  9831 | D:8      | Bought a scroll of identify for 26 gold pieces
 10505 | D:8      | Found Qugeapsy's Antique Weapon Shoppe.
 10746 | D:8      | Found a radiant altar of Vehumet.
 10747 | D:8      | Found a burning altar of Makhleb.
 10753 | D:8      | Became a worshipper of Vehumet
 10755 | D:8      | Found an ancient bone altar of Kikubaaqudgha.
 11051 | D:8      | Reached skill level 10 in Conjurations
 11353 | D:8      | Reached skill level 1 in Fighting
 11772 | D:9      | Found a staircase to the Orcish Mines.
 12206 | D:9      | Found a sparkling altar of Nemelex Xobeh.
 12413 | D:9      | Noticed a merfolk
 12422 | D:9      | Killed a merfolk
 12422 | D:9      | Reached * piety under Vehumet
 12422 | D:9      | Offered knowledge of Sandblast by Vehumet.
 12422 | D:9      | Reached XP level 10. HP: 66/77 MP: 8/23
 12658 | D:10     | Entered Level 10 of the Dungeon
 13049 | D:10     | Noticed Erica
 13161 | D:10     | Killed Erica
 13161 | D:10     | Reached skill level 1 in Axes
 14084 | D:10     | Killed an unseen horror
 14084 | D:10     | Reached skill level 5 in Fighting
 14084 | D:10     | Reached skill level 11 in Conjurations
 14515 | D:10     | Reached ** piety under Vehumet
 14585 | D:11     | Offered knowledge of Throw Frost by Vehumet.
 14588 | D:11     | Noticed a cyan ugly thing
 14977 | D:10     | HP: 2/81 [vampire mosquito (6)]
 16264 | D:2      | Killed Terence
 16425 | D:2      | Killed Jessica
 16978 | D:11     | Reached XP level 11. HP: 76/89 MP: 24/24
 17014 | D:11     | Noticed a fire dragon
 17015 | D:11     | Found the +7 great mace "Firestarter" {inner flame, rF++}
 17171 | D:11     | Reached skill level 10 in Spellcasting
 17446 | D:10     | Killed a cyan ugly thing
 17564 | Lair:1   | Entered Level 1 of the Lair of Beasts
 17703 | Lair:1   | Noticed a seven-headed hydra
 18408 | Lair:1   | Reached skill level 5 in Dodging
 18765 | Lair:1   | Killed a seven-headed hydra
 19155 | Lair:2   | Noticed a catoblepas
 19279 | Lair:2   | Noticed Fannar
 19442 | Lair:2   | Reached skill level 5 in Axes
 19783 | Lair:2   | Offered knowledge of Conjure Flame by Vehumet.
 19801 | Lair:1   | Learned a level 3 spell: Conjure Flame
 20074 | Lair:2   | Killed Fannar
 20230 | Lair:2   | Reached *** piety under Vehumet
 20614 | Lair:2   | Reached skill level 12 in Conjurations
 20614 | Lair:2   | Reached XP level 12. HP: 76/100 MP: 3/26
 20747 | Lair:2   | Found a staircase to the Shoals.
 20818 | Lair:2   | HP: 4/101 [blink frog (11)]
 21498 | Lair:2   | Killed a catoblepas
 21498 | Lair:2   | Offered knowledge of Olgreb's Toxic Radiance by Vehumet.
 21507 | Lair:2   | Learned a level 4 spell: Olgreb's Toxic Radiance
 21659 | Lair:2   | Found a staircase to the Snake Pit.
 21752 | Lair:2   | You fall through a shaft for 2 floors!
 22064 | Lair:3   | Noticed Snorg
 22092 | Lair:4   | Noticed Sonja
 22108 | Lair:4   | Killed Sonja
 22945 | Lair:3   | Noticed an eight-headed hydra
 22968 | Lair:3   | Killed an eight-headed hydra
 24425 | Lair:3   | Reached **** piety under Vehumet
 24439 | Lair:3   | Reached XP level 13. HP: 94/111 MP: 28/28
 24873 | Lair:3   | Killed Snorg
 25168 | Lair:4   | Offered knowledge of Mephitic Cloud by Vehumet.
 25431 | Lair:4   | Found a snail-covered altar of Cheibriados.
 25827 | Lair:4   | Learned a level 3 spell: Mephitic Cloud
 26536 | Lair:5   | HP: 8/168 [five-headed hydra (3)]
 26536 | Lair:5   | HP: 3/168 [death yak (1)]
 26537 | Lair:5   | Slain by a death yak

Vault maps used:
D:1:      dpeg_arrival_tiny_e
D:2:      uniq_jessica, uniq_terence
D:3:      first_ration, brannock_xom_greatest_gift
D:4:      serial_shops, shop, nemelex_dance_club_becter
D:5:      corexii_shack_village, lemuel_crystal_altar
D:6:      uniq_edmund
D:7:      zin_purify, temple_doors_e, serial_shops, shop
D:8:      minitemple, kennysheep_mini, lair_entry_dummy, serial_shops, shop,
          shop, shop, nicolae_shop_stone
D:9:      orc_0_dummy, basic_altar, hangedman_fish_farm
D:10:     uniq_erica
D:11:     minmay_firetagon, nicolae_trove_entry_path_of_doom, uniq_psyche
Temple:   nicolae_temple_elliptical
Lair:1:   grunt_megastairs_2
Lair:2:   minmay_shoals_entry_centaurs, guppyfry_snake_entry_garden, uniq_fannar
Lair:3:   grunt_forest_small_clearings, uniq_snorg
Lair:4:   kennysheep_snail_temple, uniq_sonja
Lair:5:   minmay_lair_oklob_chamber

Skill      XL: |  1  2  3  4  5  6  7  8  9 10 11 12 13 |
---------------+----------------------------------------+-----
Spellcasting   | 3 4 5 6 7 9 10 11 | 11.6
Conjurations   | 5 6 7 9 10 11 12 | 12.9
Fighting       | 3 5 7 9 |  9.6
Dodging        | 2 4 6 7 8 |  8.0
Axes           | 3 5 7 8 |  8.0
Stealth        | |  1.7

Action                   |  1- 3 |  4- 6 |  7- 9 | 10-12 | 13-15 || total
-------------------------+-------+-------+-------+-------+-------++-------
Melee: Unarmed           |    57 |     3 |       |       |       ||    60
       Tailslap          |     4 |       |     3 |    36 |     3 ||    46
       Dagger            |       |       |    39 |       |       ||    39
       Broad axe         |       |       |       |   279 |    28 ||   307
       War axe           |       |       |       |     3 |       ||     3
Throw: Stone             |     6 |     2 |     6 |    98 |       ||   112
       Javelin           |       |       |       |     9 |     7 ||    16
 Cast: Magic Dart        |    49 |    54 |    93 |    29 |       ||   225
       Searing Ray       |    11 |    40 |    41 |    29 |     7 ||   128
       Iskenderun's Myst |       |       |    70 |   225 |    48 ||   343
       Conjure Flame     |       |       |       |    11 |     4 ||    15
 Abil: Breathe Frost     |       |       |       |     1 |       ||     1
Evoke: Wand              |       |       |       |     4 |       ||     4
  Use: Potion            |     1 |       |       |     4 |     7 ||    12
       Scroll            |       |    12 |     6 |     5 |     6 ||    29
 Stab: Sleeping          |       |       |       |     1 |       ||     1
  Eat: Chunk             |     4 |     6 |    21 |    31 |     4 ||    66
       Ration            |     1 |     1 |     2 |     5 |     1 ||    10
Armor: Skin              |    21 |     6 |    31 |   117 |    62 ||   237
Dodge: Dodged            |    54 |    26 |   125 |   294 |    66 ||   565
       Deflected         |       |       |       |     4 |       ||     4

Table legend:
 A = Spawn XP
 B = Non-spawn XP
 C = Spawn XP percentage of total XP
 D = Spawn monster count
 E = Non-spawn monster count
 F = Spawn count percentage of total count
 G = Total turns spent on level
                    A         B        C        D         E        F      G
               +---------+---------+-------+---------+---------+-------+---------
         Total |       0 |   46064 |   0.0 |       0 |     385 |   0.0 | 26537
               +---------+---------+-------+---------+---------+-------+---------
           D:1 |       0 |      61 |   0.0 |       0 |      24 |   0.0 |  1363
           D:2 |       0 |     137 |   0.0 |       0 |      19 |   0.0 |  1867
           D:3 |       0 |      56 |   0.0 |       0 |      13 |   0.0 |  1101
           D:4 |       0 |     150 |   0.0 |       0 |      18 |   0.0 |   971
           D:5 |       0 |     591 |   0.0 |       0 |      22 |   0.0 |  1687
           D:6 |       0 |     837 |   0.0 |       0 |      21 |   0.0 |  1655
           D:7 |       0 |     538 |   0.0 |       0 |      16 |   0.0 |  1323
           D:8 |       0 |    1716 |   0.0 |       0 |      29 |   0.0 |  2285
           D:9 |       0 |    1787 |   0.0 |       0 |      29 |   0.0 |  1111
          D:10 |       0 |    4526 |   0.0 |       0 |      44 |   0.0 |  3683
          D:11 |       0 |    1792 |   0.0 |       0 |      15 |   0.0 |   374
        Lair:1 |       0 |    4089 |   0.0 |       0 |      18 |   0.0 |  2107
        Lair:2 |       0 |   10487 |   0.0 |       0 |      41 |   0.0 |  2452
        Lair:3 |       0 |   10094 |   0.0 |       0 |      33 |   0.0 |  2320
        Lair:4 |       0 |    8670 |   0.0 |       0 |      39 |   0.0 |  1962
        Lair:5 |       0 |     533 |   0.0 |       0 |       4 |   0.0 |   132
               +---------+---------+-------+---------+---------+-------+---------
